 Dungeon Crawl Stone Soup version 0.19.5 (webtiles) character file.

138740 Jerry the Severer (level 17, -4/213 HPs)
             Began as a Human Berserker on Apr 25, 2017.
             Was the Champion of Trog.
             Slain by a 15-headed hydra (8 damage)
             ... on level 4 of the Swamp.
             The game lasted 02:27:22 (34469 turns).

Jerry the Severer (Human Berserker)                Turns: 34469, Time: 02:27:24

Health: -4/213     AC: 25    Str: 31    XL:     17   Next: 86%
Magic:  5/5        EV: 13    Int:  9    God:    Trog [******]
Gold:   1310       SH:  0    Dex: 16    Spells: 0 memorised, 16 levels left

rFire  . . .     SeeInvis +     V - +4 battleaxe (antimagic)
rCold  + . .     Gourm    .     m - +4 chain mail
rNeg   + . .     Faith    .     (shield currently unavailable)
rPois  +         Spirit   .     a - +2 hat
rElec  .         Reflect  .     i - +0 cloak
rCorr  .         Harm     .     p - +1 pair of gloves
MR     +++..                    T - +0 pair of boots
Stlth  ..........               E - amulet "Keecuog" {Regen+ Int+2}
                                R - ring of protection from cold
                                w - ring "Zogamif" {rPois rN+ MR+ EV+3 Str+4 SInv}

@: berserking, very quick
A: horns 1, magic resistance 1, mutation resistance 1
a: Berserk, Trog's Hand, Brothers in Arms, Burn Spellbooks, Renounce Religion


You were on level 4 of the Swamp.
You worshipped Trog.
Trog was exalted by your worship.
You were near starving.

You visited 5 branches of the dungeon, and saw 28 of its levels.
You visited 1 bazaar.
You also visited: Sewer and Ice Cave.

You collected 3459 gold pieces.
You spent 2149 gold pieces at shops.

Inventory:

Hand Weapons
 l - a +4 executioner's axe of chopping
 N - a +3 antimagic executioner's axe
 V - a +4 antimagic battleaxe (weapon)
Armour
 a - a +2 hat (worn)
 i - a +0 cloak (worn)
 m - a +4 chain mail (worn)
 p - a +1 pair of gloves (worn)
 T - a +0 pair of boots (worn)
Jewellery
 w - the ring "Zogamif" (left hand) {rPois rN+ MR+ EV+3 Str+4 SInv}
   (You bought it in a shop on level 2 of the Orcish Mines)

   [ring of evasion]

   It affects your evasion (+3).
   It affects your strength (+4).
   It protects you from poison.
   It protects you from negative energy.
   It affects your resistance to hostile enchantments.
   It lets you see invisible.
 E - the amulet "Keecuog" (around neck) {Regen+ Int+2}
   (You bought it in a shop on level 14 of the Dungeon)

   [amulet of regeneration]

   It affects your intelligence (+2).
   It increases your rate of regeneration.
 R - a ring of protection from cold (right hand)
 S - the ring "Bofiyru" {rCorr rElec MR+}
   (You bought it in a shop in a bazaar)

   [ring of resist corrosion]

   It insulates you from electricity.
   It affects your resistance to hostile enchantments.
Wands
 y - a wand of acid (10/15)
 M - a wand of digging (7/24)
 U - a wand of confusion (21/48)
 Z - a wand of teleportation (3/9)
Scrolls
 d - a scroll of silence
 g - 8 scrolls of fear
 h - 6 scrolls of teleportation
 k - 7 scrolls of identify
 q - 3 scrolls of magic mapping
 t - 6 scrolls of fog
 v - 7 scrolls of enchant armour
 B - 4 scrolls of remove curse
 H - a scroll of recharging
 W - 2 scrolls of blinking
 X - 2 scrolls of enchant weapon
Potions
 b - a potion of invisibility
 e - 6 potions of might
 j - 14 potions of curing
 o - 4 potions of brilliance
 s - 3 potions of ambrosia
 u - 3 potions of cure mutation
 x - 6 potions of flight
 z - a potion of haste
 A - 2 potions of agility
 C - 2 potions of berserk rage
 F - a potion of heal wounds
 O - 2 potions of resistance
 P - 2 potions of cancellation
Comestibles
 c - 9 bread rations
 f - 11 meat rations
 n - 2 slices of pizza
 J - 10 royal jellies
 K - 3 beef jerkies
 Y - 7 fruits


   Skills:
 + Level 15.2 Fighting
 * Level 20.3 Axes
 + Level 15.0 Armour
 - Level 2.0 Dodging


You had 16 spell levels left.
You didn't know any spells.

Dungeon Overview and Level Annotations

Branches:
Dungeon (15/15)            Temple (1/1) D:5            Lair (6/6) D:11
  Swamp (4/4) Lair:3        Snake (0/4) Lair:3        Slime (0/5) Lair:5
    Orc (2/2) D:11            Elf (0/3) Orc:2        Vaults (0/5) D:14
 Depths (0/5) D:15

Altars:
Ashenzari
Cheibriados
Dithmenos
Elyvilon
Fedhas
Gozag
Hepliaklqana
Kikubaaqudgha
Makhleb
Nemelex Xobeh
Okawaru
Qazlal
Ru
Sif Muna
Trog
Uskayaw
Vehumet
Xom
Yredelemnul
Zin
The Shining One
Beogh
Jiyva

Shops:
D:14 =   Orc:2 *=::

Portals:
Hell: Lair:6

Annotations:
Swamp:2 exclusion: Roxanne, Roxanne


Innate Abilities, Weirdness & Mutations

You have a pair of small horns on your head.
You are resistant to hostile enchantments. (MR+)
You are somewhat resistant to further mutation.


Message History

The 15-headed hydra bites you but does no damage.
The 15-headed hydra closely misses you. The 15-headed hydra barely misses you.
The 15-headed hydra bites you but does no damage.
The 15-headed hydra bites you.
* * * LOW HITPOINT WARNING * * *
The 15-headed hydra barely misses you. The 15-headed hydra bites you!
* * * LOW HITPOINT WARNING * * *
A red film seems to cover your vision as you go berserk!
You feel yourself moving faster!
You feel mighty!
You are near starving!
The 15-headed hydra bites you but does no damage.
The 15-headed hydra bites you!
* * * LOW HITPOINT WARNING * * *
The 15-headed hydra closely misses you.
The 15-headed hydra bites you but does no damage. x3
The 15-headed hydra bites you.
* * * LOW HITPOINT WARNING * * *
The 15-headed hydra bites you but does no damage. x2
The 15-headed hydra bites you!
You die...

♣♣≈≈≈≈≈≈..♣♣
♣..≈≈≈≈≈.!♣
♣♣.≈≈≈♣♣♣♣♣
♣♣≈≈.♣♣
♣≈..≈♣
♣≈.≈♣♣
♣≈≈≈♣♣
♣♣.≈<♣ ♣≈≈@♣
♣≈≈D♣ ♣≈≈≈.♣
♣♣≈.♣♣ ♣≈≈.
♣≈§. ≈≈≈
♣♣..


You could see a 15-headed hydra.

Vanquished Creatures
  Nikola (Swamp:2)
  Rupert (D:14)
  5 thorn hunters
  Kirke (Swamp:1)
  A frost giant (IceCv)
  A juggernaut zombie (D:15)
  An orc warlord (Orc:2)
  Aizul (Swamp:1)
  A dire elephant (Lair:6)
  An ogre mage (D:15)
  2 ghost crabs
  8 hydras
  A centaur warrior (D:15)
  A death knight (D:15)
  3 tengu warriors
  8 alligators
  8 death yaks
  5 orc high priests
  A sun demon (Lair:6)
  Sonja (Lair:3)
  A skeletal warrior (D:15)
  3 unseen horrors
  A spriggan druid (Swamp:3)
  A golden dragon zombie (D:15)
  A flayed ghost (D:15)
  A spark wasp zombie (D:15)
  A deep troll (shapeshifter) (D:15)
  A swamp dragon (Swamp:1)
  A golden dragon skeleton (D:15)
  2 shambling mangroves (Swamp:2)
  A hill giant (D:14)
  A wizard (Lair:6)
  A necromancer (D:15)
  4 orc knights (Orc:2)
  6 ugly things
  A cyclops (D:15)
  6 orc sorcerers
  A deep elf mage (D:15)
  6 elephants (Lair:6)
  A centaur zombie (D:13)
  Joseph (D:9)
  3 black mambas
  6 centaur skeletons
  An ice statue (IceCv)
  2 torpor snails (Lair:4)
  A gargoyle (D:15)
  21 spiny frogs
  3 orange demons (Lair:6)
  6 rime drakes
  A smoke demon (Lair:6)
  15 komodo dragons
  2 freezing wraiths
  A hellwing (Lair:6)
  An efreet (D:15)
  A guardian mummy (D:15)
  4 ice devils (Lair:6)
  3 trolls
  A tengu conjurer (D:15)
  11 polar bears (IceCv)
  A merfolk (shapeshifter) (D:14)
  Grinder (D:3)
  6 two-headed ogres
  6 bog bodies
  29 blink frogs
  7 tyrant leeches
  6 dream sheep (Lair:6)
  10 hippogriffs
  8 hornets
  22 slime creatures
  3 spriggans (Swamp:2)
  49 yaks
  4 shadows
  2 spriggans (shapeshifter) (D:14)
  A wraith (D:15)
  5 hogs (Swamp:1)
  2 steam dragons
  A vampire (D:15)
  3 basilisks
  4 wyverns
  7 vampire mosquitoes
  Grum (D:9)
  5 hungry ghosts
  2 mottled dragons
  15 swamp worms
  A naga (Lair:3)
  10 insubstantial wisps
  2 wargs
  15 water moccasins
  3 soldier ants
  9 porcupines
  2 hell hounds (Lair:6)
  51 orc warriors
  7 swamp drakes
  5 ice beasts
  2 sky beasts
  2 black bears (D:7)
  7 phantoms
  26 ogres
  A centaur (D:9)
  30 wolves
  14 crocodiles
  2 big kobolds
  A wyvern zombie (D:15)
  14 bullfrogs
  A wyvern skeleton (D:9)
  A water moccasin skeleton (D:6)
  12 killer bees
  2 scorpions
  4 electric eels
  5 crimson imps
  3 bullfrog zombies
  A bullfrog skeleton (D:12)
  2 jellies
  33 orc priests
  4 hounds
  27 orc wizards
  Jessica (D:2)
  Terence (D:2)
  7 iguanas
  7 worker ants
  A hound skeleton (D:4)
  A worker ant zombie (D:6)
  20 adders
  A river rat (D:4)
  2 shadow imps
  6 oozes
  An adder zombie (D:5)
  9 worms
  5 dart slugs
  4 leopard geckos
  137 orcs
  15 bats
  6 giant cockroaches
  8 hobgoblins
  10 jackals
  5 quokkas
  A ball python (D:5)
  5 frilled lizards
  9 goblins
  A jackal skeleton (D:8)
  17 kobolds
  A quokka zombie (D:5)
  2 rats
  4 fungi
  5 plants
  A withered plant (D:15)
969 creatures vanquished.

Vanquished Creatures (others)
  A polar bear (IceCv)
  A tyrant leech (Swamp:3)
  A human (Swamp:1)
  3 yaks (IceCv)
  A wolf (IceCv)
  14 fungi
  10 plants
  3 withered plants (D:15)
34 creatures vanquished.

Grand Total: 1003 creatures vanquished

Notes
Turn   | Place    | Note
-------+----------+-------------------------------------------
     0 | D:1      | Jerry the Human Berserker began the quest for the Orb.
     0 | D:1      | Reached XP level 1. HP: 18/18 MP: 1/1
   150 | D:1      | Reached XP level 2. HP: 24/24 MP: 2/2
   438 | D:1      | Reached XP level 3. HP: 27/29 MP: 3/3
  1047 | D:2      | Reached ** piety under Trog
  1047 | D:2      | Reached XP level 4. HP: 34/35 MP: 4/4
  1109 | D:2      | Noticed Jessica
  1109 | D:2      | Noticed Terence
  1127 | D:2      | Killed Terence
  1127 | D:2      | Reached skill level 4 in Axes
  1129 | D:2      | Killed Jessica
  1129 | D:2      | Reached XP level 5. HP: 22/42 MP: 5/5
  1497 | D:3      | Noticed Grinder
  1655 | D:3      | Paralysed by Grinder for 3 turns
  1674 | D:3      | Killed Grinder
  1674 | D:3      | Reached skill level 5 in Axes
  1674 | D:3      | Reached XP level 6. HP: 24/49 MP: 6/6
  1921 | D:3      | Reached XP level 7. HP: 54/55 MP: 7/7
  2331 | D:3      | Found a blossoming altar of Fedhas.
  2745 | D:4      | Reached skill level 6 in Axes
  2895 | D:4      | Found a glowing drain.
  2945 | Sewer    | Entered a sewer
  3314 | Sewer    | Reached *** piety under Trog
  3812 | D:4      | Reached skill level 5 in Fighting
  3933 | D:4      | Reached XP level 8. HP: 58/62 MP: 8/8
  4255 | D:4      | Found a glowing silver altar of Zin.
  4458 | D:5      | Entered Level 5 of the Dungeon
  4789 | D:5      | Reached skill level 7 in Axes
  4872 | D:5      | Found a staircase to the Ecumenical Temple.
  5077 | Temple   | Entered the Ecumenical Temple
  5314 | D:6      | Reached skill level 5 in Armour
  5484 | D:6      | Reached skill level 8 in Axes
  5484 | D:6      | Reached XP level 9. HP: 46/69 MP: 9/9
  5714 | D:6      | Found a sacrificial altar of Ru.
  6119 | D:5      | Reached **** piety under Trog
  6248 | D:6      | Reached skill level 9 in Axes
  6904 | D:7      | Reached XP level 10. HP: 79/79 MP: 10/10
  7012 | D:7      | Reached skill level 10 in Axes
  7576 | D:7      | Found an iron altar of Okawaru.
  7743 | D:7      | Found a bloodstained altar of Trog.
  7941 | D:7      | Got a translucent ring mail
  7942 | D:7      | Identified the cursed +1 ring mail "Zuimm" {-Tele +Fly rF+ rN+} (You found it on level 7 of the Dungeon)
  7949 | D:7      | Found an ancient bone altar of Kikubaaqudgha.
  7949 | D:7      | Found a hazy altar of Hepliaklqana.
  8097 | D:7      | You fall through a shaft!
  9190 | D:8      | Reached skill level 11 in Axes
  9502 | D:9      | Noticed Joseph
  9787 | D:9      | Paralysed by a hornet for 1 turns
  9791 | D:9      | Paralysed by a hornet for 2 turns
  9818 | D:9      | Killed Joseph
 10123 | D:9      | Reached XP level 11. HP: 62/87 MP: 11/11
 10912 | D:9      | Reached skill level 12 in Axes
 10996 | D:9      | Noticed Grum
 11011 | D:9      | Killed Grum
 11423 | D:10     | Entered Level 10 of the Dungeon
 12061 | D:11     | Found a staircase to the Orcish Mines.
 12117 | D:11     | Noticed a brown ugly thing
 12139 | D:11     | Killed a brown ugly thing
 12158 | D:11     | Gained mutation: You are somewhat resistant to further mutation. [mutagenic meat]
 12159 | D:11     | Gained mutation: You have a pair of small horns on your head. [mutagenic meat]
 12160 | D:11     | Gained mutation: You are resistant to hostile enchantments. (MR+) [mutagenic meat]
 12204 | D:11     | Reached ***** piety under Trog
 12294 | D:11     | Killed an unseen horror
 12337 | D:11     | Found a staircase to the Lair.
 12450 | D:11     | Reached skill level 13 in Axes
 12909 | D:11     | Reached XP level 12. HP: 90/96 MP: 12/12
 13043 | Lair:1   | Entered Level 1 of the Lair of Beasts
 13079 | Lair:1   | Found a frozen archway.
 13150 | IceCv    | Entered an ice cave
 13550 | IceCv    | Reached skill level 10 in Fighting
 13966 | IceCv    | Reached skill level 14 in Axes
 14154 | IceCv    | Noticed a death yak
 14172 | IceCv    | Killed a death yak
 14172 | IceCv    | Reached skill level 10 in Armour
 14326 | IceCv    | Noticed a frost giant
 14326 | IceCv    | Noticed a death yak
 14356 | IceCv    | Killed a death yak
 14366 | IceCv    | Killed a frost giant
 14366 | IceCv    | Reached XP level 13. HP: 90/104 MP: 7/13
 14390 | IceCv    | Received a gift from Trog
 14709 | IceCv    | Identified the Handbook of Snow
 15831 | Lair:2   | Reached skill level 15 in Axes
 16739 | Lair:3   | Noticed Sonja
 16752 | Lair:3   | Killed Sonja
 17034 | Lair:3   | Found a staircase to the Snake Pit.
 17183 | Lair:3   | Found a staircase to the Swamp.
 18192 | Lair:4   | Found a snail-covered altar of Cheibriados.
 18265 | Lair:4   | Received a gift from Trog
 19089 | Lair:5   | Reached XP level 14. HP: 114/114 MP: 10/14
 19211 | Lair:5   | Reached skill level 16 in Axes
 20023 | Lair:5   | Found a viscous altar of Jiyva.
 20024 | Lair:5   | Found a staircase to the Slime Pits.
 20134 | Lair:6   | Entered Level 6 of the Lair of Beasts
 20698 | Lair:6   | Received a gift from Trog
 21100 | Lair:6   | Reached skill level 17 in Axes
 21309 | Lair:6   | Reached XP level 15. HP: 91/122 MP: 11/15
 22316 | Lair:6   | Found a burning altar of Makhleb.
 22675 | Lair:6   | Found a gateway to Hell.
 22695 | Lair:6   | Identified 2 scrolls of acquirement
 23158 | Swamp:1  | Entered Level 1 of the Swamp
 23759 | Swamp:1  | Noticed Kirke
 23778 | Swamp:1  | Killed Kirke
 23908 | Swamp:1  | Noticed Aizul
 23934 | Swamp:1  | Killed Aizul
 24185 | Swamp:1  | Reached skill level 18 in Axes
 25134 | D:13     | Found a blossoming altar of Fedhas.
 25196 | D:13     | Found a flickering gateway to a bazaar.
 25233 | Bazaar   | Entered a bazaar
 25233 | Bazaar   | Found Inketop's Jewellery Shop.
 25233 | Bazaar   | Found Qudo's Weapon Shop.
 25233 | Bazaar   | Found Wetept's Magic Scroll Shoppe.
 25235 | Bazaar   | Found Wuitim's General Store.
 25298 | Bazaar   | Bought the ring "Bofiyru" {rCorr rElec MR+} for 554 gold pieces
 25468 | D:13     | Received a gift from Trog
 25916 | D:14     | Found a gate to the Vaults.
 26398 | D:14     | Noticed Rupert
 26414 | D:14     | Killed Rupert
 26414 | D:14     | Reached XP level 16. HP: 132/132 MP: 14/16
 26758 | D:14     | Found Ozxohiax's Jewellery Shoppe.
 26765 | D:14     | Bought the amulet "Keecuog" {Regen+ Int+2} for 576 gold pieces
 26801 | D:15     | Entered Level 15 of the Dungeon
 27728 | D:15     | Found a staircase to the Depths.
 27968 | D:15     | Got a slimy buckler
 27969 | D:15     | Identified the +0 buckler of Beogh's Righteous Fury {rF- rC+ Int+2} (You acquired it on level 15 of the Dungeon)
 28749 | Orc:1    | Entered Level 1 of the Orcish Mines
 28784 | Orc:1    | Received a gift from Trog
 28887 | Orc:1    | Found a burning altar of Makhleb.
 28919 | Orc:1    | Reached skill level 19 in Axes
 29172 | Orc:2    | Entered Level 2 of the Orcish Mines
 29224 | Orc:2    | Reached ****** piety under Trog
 29513 | Orc:2    | Received a gift from Trog
 29679 | Orc:2    | Found a staircase to the Elven Halls.
 30112 | Orc:2    | Found Kotikeash's Assorted Antiques.
 30117 | Orc:2    | Bought a scroll labeled UPYERR CUOHAUX for 27 gold pieces
 30117 | Orc:2    | Bought a pair of glowing gloves for 283 gold pieces
 30146 | Orc:2    | Found a roughly hewn altar of Beogh.
 30325 | Orc:2    | Found Juhilurr's Jewellery Shoppe.
 30347 | Orc:2    | Bought the ring "Zogamif" {rPois rN+ MR+ EV+3 Str+4 SInv} for 709 gold pieces
 30929 | Orc:2    | Found a roughly hewn altar of Beogh.
 31043 | Orc:2    | Found Axijisch's Book Boutique.
 31053 | Orc:2    | Reached XP level 17. HP: 140/140 MP: 17/17
 31078 | Orc:2    | Found Hecuivuqoh's Book Shoppe.
 31132 | Orc:2    | Received a gift from Trog
 31350 | Orc:2    | Got fine fire dragon scales
 31353 | Orc:2    | Identified the +3 fire dragon scales of Exalio {+Blink rF++ rC-} (You took it off an orc warrior on level 2 of the Orcish Mines)
 32099 | Swamp:2  | Noticed a thorn hunter
 32114 | Swamp:2  | Killed a thorn hunter
 32186 | Swamp:2  | Noticed Roxanne
 32198 | Swamp:2  | Noticed a thorn hunter
 32212 | Swamp:2  | Killed a thorn hunter
 32947 | Swamp:2  | Noticed Nikola
 32963 | Swamp:2  | Killed Nikola
 32963 | Swamp:2  | Reached skill level 20 in Axes
 33228 | Swamp:3  | Noticed a thorn hunter
 33260 | Swamp:2  | Reached skill level 15 in Fighting
 33509 | Swamp:3  | Killed a thorn hunter
 33893 | Swamp:3  | Noticed a thorn hunter
 33900 | Swamp:3  | Noticed a thorn hunter
 33908 | Swamp:3  | Killed a thorn hunter
 33912 | Swamp:3  | Killed a thorn hunter
 34338 | Swamp:3  | Received a gift from Trog
 34338 | Swamp:3  | Reached skill level 15 in Armour
 34406 | Swamp:4  | Entered Level 4 of the Swamp
 34469 | Swamp:4  | HP: 8/213 [15-headed hydra (9)]
 34469 | Swamp:4  | Slain by a 15-headed hydra

Skill      XL: |  1  2  3  4  5  6  7  8  9 10 11 12 13 14 15 16 17 |
---------------+----------------------------------------------------+-----
Axes           | 4 5 6 8 9 11 13 14 15 17 18 19 20 | 20.3
Armour         | 3 4 5 6 8 9 10 11 12 13 14 15 | 15.0
Fighting       | 4 5 6 7 8 9 10 11 12 13 14 15 | 15.2
Dodging        | |  2.0

Action                   |  1- 3 |  4- 6 |  7- 9 | 10-12 | 13-15 | 16-18 || total
-------------------------+-------+-------+-------+-------+-------+-------++-------
Melee: Hand axe          |    97 |   100 |   825 |   410 |       |       ||  1432
       War axe           |       |       |       |   672 |  1183 |    43 ||  1898
       Headbutt          |       |       |       |   105 |   308 |   294 ||   707
       Broad axe         |       |       |       |       |       |   623 ||   623
       Battleaxe         |       |       |       |       |       |   366 ||   366
 Fire: Blowgun           |       |       |     3 |       |       |       ||     3
Invok: Trog's Hand       |       |     4 |     7 |     9 |     4 |     6 ||    30
       Berserk           |       |     2 |     5 |    19 |    10 |     9 ||    45
       Burn Spellbooks   |       |       |       |       |     5 |       ||     5
Evoke: Wand              |       |       |       |    15 |     3 |       ||    18
  Use: Scroll            |       |       |    18 |    10 |    13 |     8 ||    49
       Potion            |       |       |     2 |     2 |     2 |       ||     6
 Stab: Sleeping          |     1 |       |       |       |       |       ||     1
       Distracted        |       |       |       |       |     1 |       ||     1
       Confused          |       |       |       |       |     1 |       ||     1
  Eat: Chunk             |     1 |     5 |    25 |    43 |    53 |    31 ||   158
       Pizza             |       |       |       |     2 |     1 |     1 ||     4
       Beef jerky        |       |       |       |     1 |       |     3 ||     4
       Meat ration       |       |       |       |     1 |       |       ||     1
       Fruit             |       |       |       |     1 |       |       ||     1
       Bread ration      |       |       |       |       |       |     1 ||     1
Armor: Animal skin       |    10 |       |       |       |       |       ||    10
       Chain mail        |    32 |    49 |   501 |   699 |   634 |   504 ||  2419
       Skin              |       |       |       |    20 |       |       ||    20
Dodge: Dodged            |    53 |    47 |   317 |   373 |   451 |   388 ||  1629
